 Dungeon Crawl Stone Soup version 0.32-a0-994-gabb26cbae4 (webtiles) character file.

Game seed: 16313692793496328552

4 Ijustatesigmund the Firebug (level 1, 0/15 HPs)
             Began as a Mountain Dwarf Fire Elementalist on Apr 22, 2024.
             Slain by a quokka (2 damage)
             ... on level 1 of the Dungeon.
             The game lasted 00:00:26 (63 turns).

Ijustatesigmund the Firebug (MDFE)                    Turns: 63, Time: 00:00:26

Health: 0/15       AC:  2    Str: 10    XL:     1   Next: 50%
Magic:  0/3        EV: 10    Int: 15    God:
Gold:   0          SH:  0    Dex: 10    Spells: 2/3 levels left

rFire   . . .        c - +0 dagger
rCold   . . .        (no shield)
rNeg    . . .        a - +0 robe
rPois   .            (no helmet)
rElec   .            (no cloak)
rCorr   .            (no gloves)
SInv    .            (no boots)
Will    .....        (no amulet)
Stlth   ++           (no ring)
HPRegen 0.22/turn    (no ring)
MPRegen 0.08/turn

%: no passive effects
@: no status effects
A: runic magic, artefact enchanting
a: no special abilities


You were on level 1 of the Dungeon.
You visited 1 branch of the dungeon, and saw 1 of its levels.

Inventory:

Hand Weapons
 c - a +0 dagger (weapon)
Armour
 a - a +0 robe (worn)
Potions
 b - a potion of magic


   Skills:
 + Level 0.4 Fighting
 - Level 1.3 Dodging
 - Level 1.4 Stealth
 + Level 1.9 Spellcasting
 - Level 0.8 Conjurations
 + Level 3.7 Fire Magic


You had 2 spell levels left.
You knew the following spells:

 Your Spells              Type           Power      Damage    Failure   Level
a - Foxfire               Conj/Fire      32%        2x1d5     9%          1

Your spell library contained the following spells:

 Spells                   Type           Power      Damage    Failure   Level
 Scorch                   Fire           24%        2d6       7%          2
 Inner Flame              Hex/Fire       7%         N/A       30%         3
 Volatile Blastmotes      Fire/Tloc      14%        2d11      30%         3
 Flame Wave               Conj/Fire      8%         2d5       65%         4


Dungeon Overview and Level Annotations

Branches:
Dungeon (1/15)

Altars:


Innate Abilities, Weirdness & Mutations

Your spellcasting is much less encumbered by armour.
You can use scrolls of enchantment on lesser artefacts.


Message History

a +0 dagger; a goblin corpse
c - a +0 dagger The quokka bites you.
The giant cockroach bites you.
c - a +0 dagger (weapon)
Casting: Foxfire (safe; 9% risk of failure)
Confirm with . or Enter, or press ? or * to list all spells.
You conjure some foxfire!
The quokka barely misses you.
The giant cockroach waves its antennae.
The giant cockroach bites you but does no damage.
The quokka misses you. The giant cockroach bites you.
The foxfire hits the giant cockroach.
The giant cockroach is moderately wounded.
The foxfire hits the giant cockroach.
The giant cockroach is almost dead.
The giant cockroach bites you but does no damage.
The quokka bites you.
You hit the giant cockroach but do no damage.
The giant cockroach is almost dead.
The quokka misses you. The giant cockroach bites you.
You hit the giant cockroach but do no damage.
The giant cockroach is almost dead.
The quokka bites you.
* * * LOW HITPOINT WARNING * * *
The giant cockroach barely misses you.
You hit the giant cockroach.
You kill the giant cockroach!
The quokka closely misses you.
You barely miss the quokka. The quokka bites you.
* * * LOW HITPOINT WARNING * * *
The quokka twitches its whiskers.
The quokka barely misses you.
You barely miss the quokka. The quokka barely misses you.
You closely miss the quokka. The quokka closely misses you.
You closely miss the quokka. The quokka closely misses you.
You barely miss the quokka. The quokka bites you.
* * * LOW HITPOINT WARNING * * *
You hit the quokka.
The quokka is lightly wounded.
The quokka bites you.
You die...

#....##....##.......###
#..........##.........#
................##....#
................##....#
......................#
......................#
..................##..#
.......<..........##..#
.......>.....@†..........
.............r..........#
.................##.$...#
.................# .....#
........................#
.##..........##.........#
#....##....##.....#...#
#.... ......


You could see a quokka.

Vanquished Creatures
  An endoplasm (D:1)
  A giant cockroach (D:1)
  A ball python (D:1)
  A goblin (D:1)
4 creatures vanquished.

Vanquished Creatures (others)
  11 foxfires (D:1)
11 creatures vanquished.

Grand Total: 15 creatures vanquished

Notes
Turn   | Place    | Note
-------+----------+-------------------------------------------
     0 | D:1      | Ijustatesigmund the Mountain Dwarf Fire Elementalist began
                  | the quest for the Orb.
     0 | D:1      | Reached XP level 1. HP: 14/14 MP: 3/3
    63 | D:1      | Slain by a quokka

Illustrated notes

Levels and vault maps discovered:
D:1:      dpeg_arrival_stonehenge_12_columns, layout_basic

Action                     || total
---------------------------++-------
  Melee: Dagger            ||     9
   Cast: Foxfire           ||     6
 Armour: Robe              ||    15
  Dodge: Dodged            ||    10

Table legend: (Time is in decaauts)
 A = Elapsed time spent in this place.
 B = Non-inter-level travel time spent in this place.
 C = Inter-level travel time spent in this place.
 D = Time resting spent in this place.
 E = Time spent auto-exploring this place.
 F = Levels seen in this place.
 G = Mean time per level.
                   A        B        C        D        E       F      G
               +--------+--------+--------+--------+--------+-----+--------+
         Total |     62 |     62 |      0 |      0 |     33 |   1 |   62.0 |
       Dungeon |     62 |     62 |      0 |      0 |     33 |   1 |   62.0 |
               +--------+--------+--------+--------+--------+-----+--------+

Top non-repeatable levels by time:
     D:1: 62 daAuts
